 Dungeon Crawl Stone Soup version 0.28-a0-1080-g05a166d0ed (webtiles) character file.

Game seed: 15707325135029911550

249 tkon the Chopper (level 6, -3/55 HPs)
             Began as a Hill Orc Fighter on Dec 9, 2021.
             Was an Initiate of Yredelemnul.
             Slain by an ogre (11 damage)
             ... on level 4 of the Dungeon.
             The game lasted 00:09:20 (2979 turns).

tkon the Chopper (Hill Orc Fighter)                 Turns: 2979, Time: 00:09:21

Health: -3/55      AC:  9    Str: 21    XL:     6   Next: 12%
Magic:  6/6        EV:  7    Int:  8    God:    Yredelemnul [......]
Gold:   204        SH:  4    Dex: 10    Spells: 5/5 levels left

rFire   . . .      SeeInvis .   a - +0 war axe
rCold   . . .      Faith    .   c - +0 buckler
rNeg    . . .      Spirit   .   r - +0 chain mail
rPois   .          Reflect  .   (no helmet)
rElec   .          Harm     .   (no cloak)
rCorr   .          Rampage  .   (no gloves)
Will    .....                   (no boots)
Stlth   ..........              (no amulet)
HPRegen 0.18/turn               (no ring)
MPRegen 0.10/turn               (no ring)

@: no status effects
A: no striking features
a: Renounce Religion, Recall Undead Harvest


You were on level 4 of the Dungeon.
You worshipped Yredelemnul.
Yredelemnul was noncommittal.
You visited 1 branch of the dungeon, and saw 5 of its levels.

You collected 204 gold pieces.

Inventory:

Hand Weapons
 a - a +0 war axe (weapon)
 g - a +0 trident
 l - a +0 war axe
Armour
 b - a +0 scale mail
 c - a +0 buckler (worn)
 j - a +0 scale mail
 r - a +0 chain mail (worn)
Jewellery
 q - a +6 ring of dexterity
Scrolls
 e - a scroll of identify {unknown}
 f - a scroll of blinking {unknown}
 h - a scroll of fear {unknown}
 i - a scroll of teleportation {unknown}
Potions
 d - a potion of might
 k - a potion of resistance {unknown}
 m - a potion of cancellation {unknown}
 n - a potion of lignification {unknown}
 o - a potion of curing {unknown}
 p - 2 potions of haste {unknown}
 s - a potion of mutation {unknown}


   Skills:
 + Level 4.9 Fighting
 + Level 5.7 Axes
 + Level 4.5 Armour
 + Level 0.2 Dodging
 + Level 3.9 Shields


You had 5 spell levels left.
You didn't know any spells.
Your spell library contained the following spells:

 Spells                   Type           Power      Damage    Failure   Level
 Sandblast                Erth           0%         2d4       98%         1
 Passwall                 Tmut/Erth      0%         N/A       99%         2
 Portal Projectile        Hex/Tloc       0%         N/A       100%        3
 Stone Arrow              Conj/Erth      0%         3d7       100%        3
 Blade Hands              Tmut           0%         N/A       100%        5
 Excruciating Wounds      Necr           0%         N/A       100%        5


Dungeon Overview and Level Annotations

Branches:
Dungeon (5/15)
 Temple: D:4-7

Altars:
Gozag
Qazlal
Uskayaw
Vehumet
Yredelemnul
The Shining One

Shops:
D:1 (


Message History

You hit the orc. The orc hits you with a +0 flail.
The orc wizard casts a spell at you. You resist with some effort.
You completely miss the orc wizard.
The orc wizard is almost dead.
You closely miss the orc. The orc hits you with a +0 flail.
The orc wizard casts a spell at you.
You are confused.
You bump into the rock wall.
The orc barely misses you.
The orc wizard gestures at you while chanting.
You resist with some effort.
You barely miss the orc.
The orc is moderately wounded.
You hit the orc wizard.
You kill the orc wizard!
The orc hits you with a +0 flail.
You have reached level 6!
You slash the orc!
You kill the orc!
You bump into the rock wall.
You feel less confused.
Things that are here:
a +0 hand axe; a +0 ring mail
Things that are here:
a +0 dagger; a +0 robe You see here a +0 club.
HP restored.
Found a robe.
An ogre comes into view. It is wielding a +0 giant club.
The ogre shouts!
The ogre hits you with a +0 giant club!!
You hit the ogre.
The ogre is lightly wounded.
The ogre hits you with a +0 giant club!!
* * * LOW HITPOINT WARNING * * *
You completely miss the ogre.
The ogre is lightly wounded.
The ogre hits you with a +0 giant club!
You die...
Your body rises from the dead as a mindless zombie.

#>).......
#)..>...###
###.........
#.........##
#.#........#
#.
#.......####
..
#...........
##
#.!.........
#...@...####
#....O...#
######.###
.# .. ..#
..# ..#


You could see an ogre.

Vanquished Creatures
  A wyvern skeleton (D:5)
  A centaur zombie (D:3)
  3 orc wizards
  An adder (D:2)
  9 orcs
  A ball python (D:1)
  8 bats
  6 endoplasms
  3 giant cockroaches
  2 goblins
  5 hobgoblins
  2 kobolds (D:1)
  2 quokkas
  4 frilled lizards
  2 rats
50 creatures vanquished.

Vanquished Creatures (collateral kills)
  An adder (D:2)
  A worm (D:2)
  An orc (D:3)
  A bat (D:2)
  A ball python (D:2)
  2 goblins (D:2)
7 creatures vanquished.

Vanquished Creatures (others)
  A bat zombie (D:2)
  3 orc zombies (D:3)
  A quokka zombie (D:3)
5 creatures vanquished.

Grand Total: 62 creatures vanquished

Notes
Turn   | Place    | Note
-------+----------+-------------------------------------------
     0 | D:1      | tkon the Hill Orc Fighter began the quest for the Orb.
     0 | D:1      | Reached XP level 1. HP: 19/19 MP: 1/1
   193 | D:1      | Reached XP level 2. HP: 27/27 MP: 2/2
   643 | D:1      | Found Taedd's Weapon Emporium.
   829 | D:1      | Reached skill level 3 in Axes
   962 | D:2      | Found a faded altar of an unknown god.
   969 | D:2      | Prayed at the altar of an unknown god.
   969 | D:2      | Became a worshipper of Yredelemnul the Dark
   969 | D:2      | Reached * piety under Yredelemnul
  1079 | D:2      | Reached XP level 3. HP: 22/33 MP: 3/3
  1277 | D:2      | Found a radiant altar of Vehumet.
  1916 | D:2      | Reached XP level 4. HP: 40/40 MP: 4/4
  1955 | D:2      | Reached ** piety under Yredelemnul
  2085 | D:3      | Reached skill level 4 in Axes
  2170 | D:3      | Found an opulent altar of Gozag.
  2175 | D:3      | Reached XP level 5. HP: 45/47 MP: 5/5
  2232 | D:3      | Found a stormy altar of Qazlal.
  2253 | D:3      | Reached skill level 5 in Axes
  2652 | D:3      | Found a glowing golden altar of the Shining One.
  2688 | D:3      | You fall into a shaft and drop 2 floors!
  2688 | D:5      | Entered Level 5 of the Dungeon
  2765 | D:5      | Found a hide-covered altar of Uskayaw.
  2898 | D:4      | Reached XP level 6. HP: 41/55 MP: 6/6
  2979 | D:4      | Slain by an ogre

Illustrated notes

Levels and vault maps discovered:
D:1:      dpeg_arrival_signposts, layout_basic, serial_shops, shop
D:2:      layout_basic, dreamdust_ecumenical_altar_angels_and_demons,
          basic_altar, hex_medium, nicolae_figureground_sparkle
D:3:      layout_rooms, old_standard_altar, mainiacjoe_overflow_brackets,
          amcnicky_altar_gilded, minmay_overflow_temple_star_quad
D:4:      layout_loops_cross, lemuel_coloured_pillars_altar, item_on_display_a
D:5:      layout_basic, mainiacjoe_overflow_boulevard, zin_treasury,
          uniq_blork_the_orc, uniq_pikel

Skill      XL: |  1  2  3  4  5 |
---------------+----------------+-----
Axes           | 3 4 5 |  5.7
Fighting       | 4 |  4.9
Armour         | 4 |  4.5
Dodging        | |  0.2
Shields        | |  3.9

Action                   |  1- 3 |  4- 6 || total
-------------------------+-------+-------++-------
Melee: War axe           |    88 |    71 ||   159
Armor: Scale mail        |    43 |    25 ||    68
       Chain mail        |       |    10 ||    10
Dodge: Dodged            |    54 |    39 ||    93
Block: Buckler           |    26 |    21 ||    47

Table legend: (Time is in decaauts)
 A = Elapsed time spent in this place.
 B = Non-inter-level travel time spent in this place.
 C = Inter-level travel time spent in this place.
 D = Time resting spent in this place.
 E = Time spent auto-exploring this place.
 F = Levels seen in this place.
 G = Mean time per level.
                   A        B        C        D        E       F      G
               +--------+--------+--------+--------+--------+-----+--------+
         Total |   3028 |   2973 |     55 |    204 |   2234 |   5 |  605.6 |
       Dungeon |   3028 |   2973 |     55 |    204 |   2234 |   5 |  605.6 |
               +--------+--------+--------+--------+--------+-----+--------+

Top non-repeatable levels by time:
     D:2: 1171 daAuts
     D:1: 912 daAuts
     D:3: 649 daAuts
     D:5: 201 daAuts
     D:4: 93 daAuts
